Unix NetHack Version 5.0.0-0 post-release - last build May  4 2026 22:22:43 (774f63e81ad911689b3a0859ea89b322d5daca8d,branch:main).

Game began 2026-05-07 12:29:25, ended 2026-05-07 12:58:37.

01245990302, neutral female human Priestess

                       ---------
                       |.......|
                       |.......|                       --------------
                    ###....{....##                    #....>........|
        ----------  #  ---|----- ##                   #|............|
        |........|  #     ###     ##                  #|............|
        |`...`.^..###       #####  ###                #-|------------
        |``.%``..|              #    ###              # ##
        |`.......|              ###    #####          #  #
         ---------                #        `###       #  #
                         ###############      ##      #  #
                                  ##   ##############B@  #
                                   ###         # -----###########
                            ---------.--       # |...|#   ---.--.-
                            |.....>.....#      # |...|#   |......|
                            |..........|#########....|#   |......|
                            |..........|         |....#   |...<..|
                            |..........|         -----    |...(..|
                            ------------                  --------

01245990302 the Acolyte      St:11 Dx:13 Co:14 In:9 Wi:18 Ch:10  Neutral
Dlvl:4  $:43 HP:0(22) Pw:30(30) AC:7  Xp:3 T:3429 

Latest messages:
 You miss the dwarf zombie.
 You destroy the dwarf zombie!
 You see here a dwarf corpse.
 There is a dwarf corpse here; eat it? [ynq] (n) y
 You feel sick.
 The dwarf zombie hits!
 You stop eating the dwarf corpse.
 You hit the dwarf zombie!
 You destroy the dwarf zombie!
 You see here a partly eaten dwarf corpse.
 There is a partly eaten dwarf corpse here; eat it? [ynq] (n) y
 You resume your meal.
 You finish eating the dwarf corpse.
 You find a hidden passage.
 You already found a monster.  Use 'm' prefix to force another search.
 You already found a monster.  Use 'm' prefix to force another search.
 You already found a monster.  Use 'm' prefix to force another search.
 You already found a monster.  Use 'm' prefix to force another search.
 You already found a monster.  Use 'm' prefix to force another search.
 You already found a monster.  Use 'm' prefix to force another search.
 You already found a monster.  Use 'm' prefix to force another search.
 You already found a monster.  Use 'm' prefix to force another search.
 You miss the lichen.
 You kill the lichen!
 You see here a lichen corpse.
 u - a lichen corpse.
 The jackal bites!
 You miss the jackal.
 The jackal just misses!
 You miss the jackal.
 The jackal bites!
 You miss the jackal.
 The jackal bites!
 You miss the jackal.
 The jackal bites!
 You kill the jackal!
 You miss the giant bat.
 The giant bat bites!
 The giant bat bites!
 You hit the giant bat!
 The giant bat bites!
 The giant bat bites!
 You hit the giant bat.
 The giant bat bites!
 You die...
 Do you want your possessions identified? [ynq] (y) y
 Do you want to see your attributes? [ynq] (y) y
 Do you want an account of creatures vanquished? [ynaq] (y) y
 Do you want to see your conduct and achievements? [ynq] (y) y
 Do you want to see the dungeon overview? [ynq] (y) y

Inventory:
 Coins    ('$')
  $ - 43 gold pieces
 Weapons  (')')
  r - a +0 dart
  k - a +0 orcish dagger
  a - a blessed +1 mace (weapon in right hand)
  o - a +0 trident
 Armor    ('[')
  c - a +0 small shield (being worn)
  b - a +0 robe (being worn)
 Comestibles  ('%')
  t - a food ration
  u - a lichen corpse
 Spellbooks  ('+')
  h - a spellbook of detect monsters
  g - a spellbook of light
 Potions  ('!')
  j - a potion of levitation
  q - a potion of object detection
  d - 3 potions of holy water
 Wands    ('/')
  m - a wand of teleportation (0:4)
 Gems/Stones  ('*')
  i - an opal

01245990302 the Priestess's attributes:

Background:
 You were an Acolyte, a level 3 human Priestess.
 You were neutral, nominally on a mission for Chih Sung-tzu
 who was opposed by Shan Lai Ching (lawful) and Huan Ti (chaotic).
 You were right-handed.
 You were in the Dungeons of Doom, on level 4.
 You entered the dungeon 3429 turns ago.
 You had 57 experience points, 23 more were needed to attain level 4.

Basics:
 You had 0 out of 22 hit points.
 You had all 30 energy points (spell power).
 Your armor class was 7.
 Your wallet contained 43 zorkmids.
 Autopickup was off.

Final Characteristics:
 Your strength was 11 (limit:18/100).
 Your dexterity was 13 (limit:18).
 Your constitution was 14 (limit:18).
 Your intelligence was 9 (limit:18).
 Your wisdom was 18 (limit:18).
 Your charisma was 10 (limit:18).

Final Status:
 You weren't hungry.
 You were unencumbered.
 You were wielding a mace.
 You had basic skill with mace.

Final Attributes:
 You were piously aligned.
 You were guarded.
 Your spell casting was enhanced by wearing a robe.
 You are dead.

Miscellaneous:
 You didn't encounter any bones levels.
 Total elapsed playing time was 29 minutes and 11 seconds.

Major events:
 Turn
    1: 01245990302 the neutral human Priestess entered the dungeon
 3098: attained the rank of Acolyte (level 3)
 3429: killed by a giant bat

Spells:
 Name                 Level Category     Fail Retention
 light                  1   clerical       0%   81%-90%
 detect monsters        1   divination     0%  76%-100%

Skills:
 Fighting Skills
   bare handed combat [Unskilled]
 Weapon Skills
   club               [Unskilled]
   mace               [Basic]
   morning star       [Unskilled]
   flail              [Unskilled]
   hammer             [Unskilled]
   quarterstaff       [Unskilled]
   polearms           [Unskilled]
   spear              [Unskilled]
   trident            [Unskilled]
   lance              [Unskilled]
   bow                [Unskilled]
   sling              [Unskilled]
   crossbow           [Unskilled]
   dart               [Unskilled]
   shuriken           [Unskilled]
   boomerang          [Unskilled]
   unicorn horn       [Unskilled]
 Spellcasting Skills
   healing spells     [Unskilled]
   divination spells  [Unskilled]
   clerical spells    [Basic]

Voluntary challenges:
 Character rerolling was not enabled.
 You were an atheist.
 You never genocided any monsters.
 You never polymorphed an object.
 You never changed form.
 You used no wishes.
Achievement:
 You attained the rank of Acolyte.

 The Dungeons of Doom: levels 1 to 4
    Level 1:
    Level 2:
       An altar to Chih Sung-tzu, a fountain.
    Level 3:
    Level 4: <- You were here.
       A fountain.
       Final resting place for
          you, killed by a giant bat.


Vanquished creatures:
  2 dwarf zombies
 an acid blob
  a manes
  a yellow mold
  2 geckos
 16 jackals
  a goblin
  a sewer rat
  a grid bug
  a bat
  5 lichens
  2 kobold zombies
  5 newts
39 creatures vanquished.

No species were genocided or became extinct.

Game over:
                       ----------
                      /          \
                     /    REST    \
                    /      IN      \
                   /     PEACE      \
                  /                  \
                  |   01245990302    |
                  |      43 Au       |
                  |   killed by a    |
                  |    giant bat     |
                  |                  |
                  |                  |
                  |       2026       |
                 *|     *  *  *      | *
        _________)/\\_//(\/(/\)/\//\/|_)_______

Goodbye 01245990302 the Priestess...

You died in The Dungeons of Doom on dungeon level 4 with 417 points,
and 43 pieces of gold, after 3429 moves.
You were level 3 with a maximum of 22 hit points when you died.

